 Dungeon Crawl Stone Soup version 0.26-a0-710-g95a0c6c400 (webtiles) character file.

Game seed: 15782701048467429366

634374 robertstho the Axe Maniac (level 26, 0/399 HPs)
             Began as a Minotaur Berserker on Oct 30, 2020.
             Was the Champion of Trog.
             Killed from afar by a torturous blood saint (41 damage)
             ... with an iceblast
             ... on level 9 of a ziggurat.
             The game lasted 01:51:08 (62349 turns).

robertstho the Axe Maniac (Minotaur Berserker)     Turns: 62349, Time: 01:51:09

Health: 0/399      AC: 41    Str: 59    XL:     26   Next: 88%
Magic:  25/31      EV: 29    Int:  5    God:    Trog [******]
Gold:   2598       SH:  5    Dex: 28    Spells: 25/25 levels left

rFire    + + +     SeeInvis .   K - +4 executioner's axe of the Sky {vorpal, rElec rF+ rN+ Str+3}
rCold    . . .     Faith    .   (shield currently unavailable)
rNeg     + . .     Spirit   .   S - +12 gold dragon scales
rPois    +         Reflect  +   (helmet restricted)
rElec    +         Harm     .   V - scarf {+Inv}
rCorr    .         Rampage  .   C - +0 pair of gloves of the Stars {rF+++ MR- Str+9} (curse)
MR       .....     NoCast   +   k - +0 pair of boots of the Elven Halls {-Cast Regen+ Dex+8} (curse)
Stlth    ..........             W - amulet "Ixoota" {Reflect *Slow rPois rC- Str+9 SH+5}
HPRegen  1.16/turn              G - ring "Efibiabe" {rPois MP+9 Dex+6}
MPRegen  0.22/turn              H - ring of Lomasov {rElec rF+ Str+6 Dex+3}

@: berserking, lethally poisoned (0 -> -1), weakened, slowed, lightly drained
A: retaliatory headbutt, horns 2, blink, mutation resistance 1, sturdy frame 1
}: 4/15 runes: serpentine, barnacled, silver, abyssal
a: Blink, Berserk, Trog's Hand, Brothers in Arms, Renounce Religion, Evoke
Invisibility


You were on level 9 of a ziggurat.
You worshipped Trog.
Trog was exalted by your worship.
You visited 8 branches of the dungeon, and saw 41 of its levels.
You visited the Abyss 9 times.
You visited 2 bazaars.
You visited 1 ziggurat, and saw 9 of its levels.

You collected 7790 gold pieces.
You spent 5192 gold pieces at shops.

Inventory:

Hand Weapons
 K - the +4 executioner's axe of the Sky (weapon) {vorpal, rElec rF+ rN+ Str+3}
   (Trog gifted it to you on level 14 of the Dungeon)

   It inflicts extra damage upon your enemies.
   It affects your strength (+3).
   It protects you from fire.
   It insulates you from electricity.
   It protects you from negative energy.
 Z - the cursed +0 hand axe "Dogeock" {protect, rC+ Str+9 Int+2 Dex-4}
   (You found it on level 2 of the Abyss)

   It grants its wielder temporary protection when it strikes (+7 to AC).
   It affects your strength (+9).
   It affects your intelligence (+2).
   It affects your dexterity (-4).
   It protects you from cold.
   It has a curse placed upon it.
Armour
 k - the cursed +0 pair of boots of the Elven Halls (worn) {-Cast Regen+ Dex+8}
   (You bought it in a shop on level 1 of the Depths)

   It affects your dexterity (+8).
   It prevents spellcasting.
   It increases your rate of regeneration.
   It has a curse placed upon it.
 C - the cursed +0 pair of gloves of the Stars (worn) {rF+++ MR- Str+9}
   (You bought it in a shop in a bazaar)

   It affects your strength (+9).
   It renders you almost immune to fire.
   It affects your resistance to hostile enchantments.
   It has a curse placed upon it.
 Q - the +1 pair of gloves "Yheedede" {MR+ Int+2}
   (You bought it in a shop on level 2 of the Orcish Mines)

   It affects your intelligence (+2).
   It affects your resistance to hostile enchantments.
 S - +12 gold dragon scales (worn)
 V - a scarf of invisibility (worn)
Jewellery
 f - an uncursed ring of protection from fire
 u - an uncursed ring of positive energy
 F - the ring of Toofahaf {Ice rN+ MR+ Str-5}
   (You found it on level 3 of the Elven Halls)

   [ring of ice]

   It enhances your ice magic.
   It affects your strength (-5).
   It makes you vulnerable to fire.
   It protects you from cold.
   It protects you from negative energy.
   It affects your resistance to hostile enchantments.
 G - the ring "Efibiabe" (left hand) {rPois MP+9 Dex+6}
   (You found it on level 3 of the Elven Halls)

   [ring of poison resistance]

   It affects your dexterity (+6).
   It protects you from poison.
   It affects your magic capacity (+9).
 H - the ring of Lomasov (right hand) {rElec rF+ Str+6 Dex+3}
   (You acquired it on level 2 of the Snake Pit)

   [ring of strength]

   It affects your strength (+6).
   It affects your dexterity (+3).
   It protects you from fire.
   It insulates you from electricity.
 O - an uncursed ring of see invisible
 U - an uncursed ring of resist corrosion
 W - the amulet "Ixoota" (around neck) {Reflect *Slow rPois rC- Str+9 SH+5}
   (You bought it in a shop on level 1 of the Elven Halls)

   [amulet of reflection]

   It shields you and reflects attacks.
   It affects your strength (+9).
   It makes you vulnerable to cold.
   It protects you from poison.
   It may slow you when you take damage.
   It affects your SH (+5).
 Y - an uncursed ring of positive energy
Wands
 m - a wand of acid (42)
 x - a wand of disintegration (57)
 M - a wand of digging (15)
 P - a wand of iceblast (28)
Scrolls
 b - 18 scrolls of identify
 c - 22 scrolls of fog
 i - 3 scrolls of brand weapon
 j - 22 scrolls of teleportation
 n - 4 scrolls of blinking
 o - 5 scrolls of enchant armour
 q - 5 scrolls of fear
 r - 4 scrolls of summoning
 s - 8 scrolls of enchant weapon
 v - 4 scrolls of magic mapping
 w - 27 scrolls of remove curse
 J - 3 scrolls of holy word
 N - 3 scrolls of immolation
 X - 3 scrolls of silence
Potions
 a - 8 potions of stabbing
 d - 10 potions of haste
 e - 2 potions of magic
 g - 16 potions of flight
 h - 6 potions of mutation
 l - 11 potions of heal wounds
 p - 16 potions of curing
 z - 8 potions of might
 A - 2 potions of invisibility
 B - 2 potions of cancellation
 D - 4 potions of ambrosia
 E - 5 potions of resistance
Miscellaneous
 t - a condenser vane (2/2)
 y - a box of beasts (3/3)
 L - a lightning rod (4/4)


   Skills:
 O Level 27(26.9) Fighting
 O Level 27(26.9) Axes
 * Level 24.1(24.0) Armour
 * Level 19.7(19.6) Dodging
 + Level 5.0 Stealth
 + Level 1.0(0.9) Unarmed Combat
 + Level 3.0(2.9) Evocations


You had 25 spell levels left.
You didn't know any spells.
Your spell library was empty.

Dungeon Overview and Level Annotations

Branches:
Dungeon (15/15)            Temple (0/1) D:6            Lair (6/6) D:11
 Shoals (4/4) Lair:2        Snake (4/4) Lair:4        Slime (0/5) Lair:5
    Orc (2/2) D:12            Elf (3/3) Orc:2        Vaults (5/5) D:13
  Crypt (0/3) Vaults:3     Depths (2/5) D:15

Altars:
Ashenzari
Cheibriados
Makhleb
Nemelex Xobeh
Okawaru
Ru
Uskayaw
Vehumet
Xom

Shops:
D:7 [   D:8 =   D:15 =   Orc:1 *   Orc:2 [?=[?   Elf:1 (*=(   Elf:3 =
Snake:4 !   Vaults:1 [:   Vaults:5 (   Depths:1 }[

Portals:
Hell: Depths:1

Annotations:
D:8 exclusion: oklob sapling
D:14 3 runed translucent doors, Wogiaph's ghost, journeyman OgTm
Lair:5 exclusion: 6 oklob plants
Elf:2 1 runed translucent door


Innate Abilities, Weirdness & Mutations

You reflexively headbutt those who attack you in melee.
You have a pair of horns on your head.
You can translocate small distances at will.
You are somewhat resistant to further mutation.
Your movements are slightly less encumbered by armour. (ER -2)


Message History

You feel as though you will be weak longer.
You miss Zegufong.
Zegufong is almost dead.
You cut the hellwing into ribbons!!!!
You kill the hellwing!
Trog accepts your kill.
You slice the torturous blood saint!! You slice the infernal black sun!!
You feel the power of Trog in you as your rage grows.
You kill the infernal black sun!
Trog accepts your kill.
You feel sick. The smoke demon gestures at you. Something smites you!
* * * LOW HITPOINT WARNING * * *
Zegufong hits you!
* * * LOW HITPOINT WARNING * * *
You partially resist.
You feel drained.
The torturous blood saint conjures a destructive force in the name of Makhleb!
The mass of ice explodes!
The iceblast engulfs you!!!
You die...

▓▓▓▓▓▓▓▓▓▓▓
▓.........▓
▓▓▓▓▓.........▓▓
▓.......6.......
▓.......@)2.....
▓.......2&......
▓........3......
▓∩.............}
▓...............
▓...............
▓...............
▓...............
▓▓▓▓▓......


You could see Zegufong (agile, black mark), a reaper (black mark), a green death
(fast, black mark), a torturous blood saint (black mark) and a smoke demon
(agile, black mark).

Vanquished Creatures
  2 ancient liches
  Bai Suzhen (Shoals:4)
  Saint Roka (Snake:2)
  Xtahua (Vaults:3)
  2 golden dragons (Vaults:5)
  A bone dragon (Abyss:2)
  A Tzitzimitl (Zig:9)
  3 liches
  Jorgrun (Shoals:1)
  A Hell Sentinel (Abyss:2)
  5 tentacled monstrosities (Vaults:5)
  A quicksilver dragon (Vaults:5)
  Rupert (Lair:5)
  2 krakens
  Polyphemus (Shoals:3)
  2 deep elf blademasters (Elf:3)
  6 sphinxes
  5 titans (Vaults:5)
  A deep elf master archer (Elf:3)
  An acid blob (Abyss:2)
  6 tentacled starspawn
  4 shadow dragons (Vaults:5)
  Frances (Snake:2)
  8 tengu reavers
  Donald (Orc:2)
  4 storm dragons
  Roxanne (Shoals:4)
  Ilsuiw (Shoals:2)
  A draconian monk (Zig:7)
  A revenant (Abyss:2)
  8 nagarajas
  3 draconian knights
  6 fire giants
  3 frost giants
  7 deep elf sorcerers
  The ghost of dickylongcocking the Lord of Darkness, an adept DsNe of Kikubaaqudgha (Snake:2)
  15 vault wardens
  An orc warlord (Orc:1)
  A pandemonium lord (Zig:4)
  A warmonger (Zig:4)
  Aizul (Snake:4)
  3 balrugs
  A cacodemon (Abyss:3)
  6 deep elf elementalists (Elf:3)
  A draconian stormcaller (Zig:7)
  A draconian scorcher (Abyss:2)
  10 ironheart preservers
  3 war gargoyles
  6 reapers
  4 very ugly things
  2 green draconians
  A vampire knight (Depths:1)
  13 stone giants
  4 deep elf annihilators (Elf:3)
  7 deep elf demonologists
  3 entropy weavers
  A black sun (Zig:9)
  2 red draconians (Zig:7)
  Azrael (D:14)
  A yellow draconian (Abyss:4)
  3 black draconians
  9 ettins
  8 deep elf death magi
  4 merfolk javelineers
  2 jiangshi (Abyss:2)
  4 green deaths
  2 fire dragons
  10 yaktaur captains
  3 great orbs of eyes
  A great orb of eyes (shapeshifter) (Abyss:2)
  Josephine (Lair:4)
  10 merfolk impalers
  9 deep elf high priests
  A hell beast (Zig:9)
  4 ice dragons
  32 vault guards
  6 rakshasas
  Harold (Lair:1)
  2 shambling mangroves (Zig:5)
  3 merfolk avatars
  14 naga warriors
  A satyr (Shoals:3)
  3 boulder beetles
  2 merfolk aquamancers (Shoals:4)
  3 alligator snapping turtles (Shoals:4)
  12 hydras
  2 death knights
  2 catoblepae
  9 anacondas
  5 centaur warriors
  An alligator (Zig:5)
  31 dancing weapons
  3 deep troll earth magi
  16 ogre magi
  A tengu warrior (Depths:1)
  42 two-headed ogres
  4 deep troll shamans (Depths:1)
  A vampire mage (Abyss:2)
  9 death yaks
  17 naga sharpshooters
  10 shock serpents
  Urug (D:11)
  3 hell hogs
  3 orc high priests (Orc:2)
  A soul eater (Abyss:2)
  5 sun demons
  13 thrashing horrors
  4 sixfirhies
  4 skeletal warriors (Vaults:2)
  5 wretched stars
  15 deep elf knights
  Sonja (Lair:1)
  A titan skeleton (Abyss:1)
  The ghost of lunkers the Spear-Bearer, a novice MfGl of Okawaru (D:6)
  A death drake (shapeshifter) (Elf:2)
  3 salamander mystics
  An iron troll (Depths:1)
  A sea snake (shapeshifter) (Vaults:5)
  18 starcursed masses
  8 naga ritualists
  2 spatial maelstroms (Abyss:3)
  A death drake (Abyss:2)
  A flayed ghost (Vaults:1)
  10 deep trolls
  A swamp dragon (Zig:5)
  An orange crystal statue (Shoals:1)
  21 deep elf archers
  14 ironbrand convokers
  3 wizards
  4 unseen horrors
  A glowing orange brain (Depths:1)
  5 sea snakes
  15 orc knights
  18 harpies
  2 phantasmal warriors
  A shadow dragon zombie (Zig:8)
  An orb spider (Abyss:2)
  5 wolf spiders
  A shining eye (Abyss:2)
  2 necromancers
  11 mana vipers
  2 mana vipers (shapeshifter)
  70 deep elf magi
  7 manticores
  9 orc sorcerers
  A sphinx skeleton (Vaults:1)
  A cyclops (shapeshifter) (Vaults:5)
  A moth of wrath (shapeshifter) (Zig:6)
  11 cyclopes
  9 fauns
  Maurice (D:13)
  25 ugly things
  A faun (shapeshifter) (Vaults:5)
  2 guardian serpents (shapeshifter)
  11 salamanders
  34 black mambas
  2 worldbinders (Abyss:2)
  10 vault sentinels
  4 guardian serpents
  7 elephants
  12 merfolk sirens
  5 water nymphs
  3 rust devils
  14 naga magi
  An apocalypse crab (Abyss:2)
  17 cane toads
  4 ice statues (Zig:6)
  15 smoke demons
  6 centaur skeletons
  A torpor snail (Abyss:2)
  An orange demon (Abyss:3)
  Maggie (D:7)
  2 hellions
  A cane toad (shapeshifter) (Elf:1)
  An elf zombie (Vaults:5)
  4 komodo dragons
  33 yaktaurs
  A rime drake (shapeshifter) (Vaults:2)
  3 kobold demonologists
  A demonic crawler (Abyss:2)
  7 efreet
  7 freezing wraiths
  7 rime drakes
  A yaktaur (shapeshifter) (Vaults:4)
  10 trolls
  5 ice devils
  3 tormentors
  2 red devils
  A golden dragon simulacrum (Abyss:2)
  8 hellwings
  A troll (shapeshifter) (Vaults:3)
  4 meliai (Abyss:3)
  7 wind drakes
  21 merfolk
  A meliai (shapeshifter) (Vaults:4)
  7 polar bears
  6 ancient zymes
  A queen bee (Abyss:3)
  A jumping spider (shapeshifter) (Vaults:3)
  8 hornets
  17 raiju
  A blink frog (shapeshifter) (Vaults:3)
  13 blink frogs
  Prince Ribbit (D:6)
  19 slime creatures
  A snapping turtle (shapeshifter) (Vaults:2)
  7 snapping turtles
  19 dream sheep
  A fire dragon zombie (Abyss:2)
  6 flying skulls
  2 air elementals
  An ettin zombie (Zig:2)
  3 water elementals
  7 ynoxinuls
  A redback (shapeshifter) (Zig:6)
  A redback (Vaults:4)
  19 spriggans
  An ushabti (Zig:1)
  4 shadows
  6 wraiths
  9 wyverns
  Eustachio (D:6)
  8 humans (D:13)
  3 vampires
  5 fire elementals
  4 hogs (Shoals:2)
  37 yaks
  7 golden eyes (Abyss:3)
  7 basilisks
  3 steam dragons
  7 chaos spawn
  7 vampire mosquitoes
  30 small abominations
  8 neqoxecs
  7 hell hounds
  28 large abominations
  76 nagas
  17 water moccasins
  4 acid dragons
  5 wargs
  33 orc warriors
  An ice beast (Abyss:2)
  5 black bears
  A black bear (shapeshifter) (D:13)
  5 sky beasts
  A necrophage (D:10)
  3 phantoms
  4 eyes of draining
  19 boggarts
  52 wolves
  A centaur (shapeshifter) (Elf:2)
  45 ogres
  15 centaurs
  Blork the orc (D:6)
  2 big kobolds (D:13)
  12 bullfrogs
  4 human skeletons
  4 earth elementals
  4 scorpions
  A scorpion (shapeshifter) (Vaults:3)
  7 killer bees
  8 wights (D:7)
  5 howler monkeys
  An electric eel (Lair:2)
  A crimson imp (Abyss:2)
  5 centaur zombies
  4 quasits (Abyss:2)
  A wyvern simulacrum (D:14)
  8 hounds
  4 iron imps
  A bullfrog skeleton (D:11)
  28 orc priests
  Crazy Yiuf (D:2)
  5 jellies
  33 orc wizards
  3 iguanas
  Ijyb (D:5)
  7 hell rats (Lair:3)
  9 worker ants
  3 hound zombies
  5 hound skeletons
  2 mummies (Zig:1)
  15 gnolls
  13 adders
  6 shadow imps
  6 ufetubi
  3 oozes (D:4)
  An adder skeleton (D:4)
  A worm (D:2)
  A dart slug (shapeshifter) (Vaults:5)
  2 dart slugs (D:1)
  3 leopard geckos
  101 orcs
  6 ball pythons (D:8)
  5 giant cockroaches
  9 goblins
  17 hobgoblins
  2 jackals (D:2)
  11 kobolds
  8 quokkas
  13 bats
  6 frilled lizards
  A jackal skeleton (D:9)
  10 rats
  A crawling corpse (Elf:3)
  A lurking horror (Abyss:2)
  6 starspawn tentacles (Abyss:2)
  4 tentacles
2148 creatures vanquished.

Vanquished Creatures (collateral kills)
  Vashnia (Snake:2)
  A titan (Vaults:5)
  A deep elf blademaster (Elf:3)
  Kirke (Shoals:2)
  A nagaraja (Snake:4)
  A stone giant (Vaults:2)
  2 very ugly things (Abyss:3)
  A deep elf annihilator (Elf:3)
  A deep elf death mage (Elf:3)
  A merfolk impaler (Shoals:1)
  A great orb of eyes (Vaults:5)
  3 vault guards
  A hydra (Lair:6)
  2 merfolk avatars
  A naga sharpshooter (Snake:2)
  A sun demon (Abyss:3)
  A sea snake (Shoals:1)
  A spatial maelstrom (Abyss:2)
  3 large abominations (Abyss:2)
  A faun (Shoals:3)
  A manticore (Shoals:1)
  2 merfolk sirens
  A deep elf mage (Vaults:2)
  A cyclops (D:12)
  Joseph (D:7)
  A vault sentinel (Vaults:2)
  A meliai (Abyss:3)
  A red devil (Abyss:3)
  A polar bear (Lair:6)
  A water elemental (Shoals:1)
  2 small abominations (Abyss:2)
  A golden eye (Abyss:3)
  A chaos spawn (Abyss:2)
  A human (D:13)
  2 nagas (Snake:4)
  A spatial vortex (Abyss:2)
  An orc warrior (D:12)
  A wolf (Lair:6)
  A centaur (D:12)
  An orc priest (D:12)
  An iron imp (Abyss:3)
  2 orc wizards (D:12)
  A worker ant (D:12)
  A howler monkey zombie (D:6)
  14 orcs (D:12)
  2 crawling corpses (Elf:3)
70 creatures vanquished.

Vanquished Creatures (others)
  A merfolk impaler (Shoals:2)
  2 hell hogs
  A salamander (Snake:2)
  A black mamba (Snake:2)
  A naga (Snake:4)
  An orc (Vaults:5)
  48 fungi
  2 lurking horrors (Abyss:2)
  175 plants
  10 starspawn tentacles (Abyss:2)
  12 tentacles
254 creatures vanquished.

Grand Total: 2472 creatures vanquished

Notes
Turn   | Place    | Note
-------+----------+-------------------------------------------
     0 | D:1      | robertstho the Minotaur Berserker began the quest for the
                  | Orb.
     0 | D:1      | Reached XP level 1. HP: 19/19 MP: 0/0
   214 | D:1      | Reached XP level 2. HP: 27/27 MP: 1/1
   408 | D:1      | Reached ** piety under Trog
   408 | D:1      | Reached XP level 3. HP: 34/34 MP: 2/2
   976 | D:2      | Found a runed translucent door.
   977 | D:2      | Noticed Crazy Yiuf
   984 | D:2      | Killed Crazy Yiuf
   984 | D:2      | Reached skill level 5 in Fighting
   984 | D:2      | Reached XP level 4. HP: 42/42 MP: 3/3
  1814 | D:2      | Reached XP level 5. HP: 9/48 MP: 4/4
  2172 | D:3      | Noticed a phantom
  2197 | D:3      | Killed a phantom
  2197 | D:3      | Reached skill level 5 in Axes
  2197 | D:3      | Reached XP level 6. HP: 47/56 MP: 5/5
  2328 | D:3      | Reached *** piety under Trog
  3281 | D:4      | Reached XP level 7. HP: 63/63 MP: 6/6
  3806 | D:5      | Entered Level 5 of the Dungeon
  3853 | D:5      | Reached skill level 5 in Armour
  3941 | D:5      | Noticed Ijyb
  3947 | D:5      | Killed Ijyb
  3951 | D:5      | Reached **** piety under Trog
  3997 | D:5      | Reached XP level 8. HP: 42/71 MP: 7/7
  4494 | D:6      | Noticed Blork the orc
  4502 | D:6      | Killed Blork the orc
  4506 | D:6      | Reached skill level 5 in Dodging
  4545 | D:6      | Noticed Prince Ribbit
  4556 | D:6      | Reached skill level 1 in Stealth
  4558 | D:6      | Killed Prince Ribbit
  4642 | D:6      | Found a runed translucent door.
  4643 | D:6      | Found a shimmering altar of Xom.
  4643 | D:6      | Noticed lunkers's ghost (novice MfGl)
  4643 | D:6      | Noticed a +2 spear of chaos
  4904 | D:6      | Killed lunkers's ghost
  4904 | D:6      | Reached XP level 9. HP: 79/79 MP: 8/8
  4938 | D:6      | Found a staircase to the Ecumenical Temple.
  5205 | D:6      | Killed a +2 spear of chaos
  5205 | D:6      | Reached skill level 10 in Axes
  5432 | D:6      | Noticed Eustachio
  5446 | D:6      | Killed Eustachio
  5643 | D:7      | Found Fustor's Armour Shoppe.
  5748 | D:7      | Noticed Maggie
  5767 | D:7      | Killed Maggie
  5767 | D:7      | Reached XP level 10. HP: 84/90 MP: 9/9
  6229 | D:7      | Noticed Joseph
  6238 | D:7      | Killed Joseph
  7084 | D:8      | Reached ***** piety under Trog
  7507 | D:8      | Found Uxaew's Jewellery Shoppe.
  7653 | D:9      | Found a broken altar of Ashenzari.
  7770 | D:9      | Noticed a two-headed ogre
  7778 | D:9      | Killed a two-headed ogre
  7778 | D:9      | Reached skill level 10 in Armour
  8218 | D:9      | Reached skill level 10 in Fighting
  8961 | D:10     | Entered Level 10 of the Dungeon
  9137 | D:10     | Noticed a two-headed ogre
  9141 | D:10     | Killed a two-headed ogre
  9141 | D:10     | Reached XP level 11. HP: 100/100 MP: 10/10
  9337 | D:10     | Found a burning altar of Makhleb.
  9582 | D:10     | Killed an unseen horror
 10254 | D:11     | Noticed a two-headed ogre
 10257 | D:11     | Killed a two-headed ogre
 10771 | D:11     | Noticed Urug
 10788 | D:11     | Killed Urug
 10937 | D:11     | Found a staircase to the Lair.
 10990 | D:11     | Received a gift from Trog
 11762 | D:12     | Reached XP level 12. HP: 112/112 MP: 3/11
 11806 | D:12     | Noticed a two-headed ogre
 11810 | D:12     | Killed a two-headed ogre
 11836 | D:12     | Noticed a centaur warrior
 11844 | D:12     | Killed a centaur warrior
 12047 | D:12     | Found a staircase to the Orcish Mines.
 12574 | D:13     | Noticed a five-headed hydra
 12579 | D:13     | Killed a two-headed hydra
 12584 | D:13     | Noticed a two-headed ogre
 12594 | D:13     | Killed a two-headed ogre
 12713 | D:13     | Noticed a four-headed hydra
 12724 | D:13     | Killed a four-headed hydra
 12730 | D:13     | Received a gift from Trog
 12738 | D:13     | Noticed a two-headed ogre
 12743 | D:13     | Killed a two-headed ogre
 12743 | D:13     | Reached skill level 15 in Axes
 13084 | D:13     | Noticed a vault guard
 13085 | D:13     | Noticed a vault guard
 13085 | D:13     | Noticed a vault guard
 13092 | D:13     | Killed a vault guard
 13108 | D:13     | Killed a vault guard
 13118 | D:13     | Killed a vault guard
 13118 | D:13     | Reached XP level 13. HP: 123/123 MP: 4/12
 13137 | D:13     | Found a gate to the Vaults.
 13659 | D:13     | Noticed Maurice
 13680 | D:13     | Killed Maurice
 14034 | D:14     | Reached skill level 10 in Dodging
 14037 | D:14     | Reached ****** piety under Trog
 14288 | D:14     | Found a runed translucent gate.
 14288 | D:14     | Found a runed translucent gate.
 14293 | D:14     | Found a runed translucent gate.
 14293 | D:14     | Noticed Wogiaph's ghost (journeyman OgTm)
 14620 | D:14     | Noticed Azrael
 14629 | D:14     | Killed Azrael
 14629 | D:14     | Received a gift from Trog
 14643 | D:14     | Got a smoking executioner's axe {god gift}
 14647 | D:14     | Identified the +4 executioner's axe of the Sky {vorpal,
                  | rElec rF+ rN+ Str+3} (Trog gifted it to you on level 14 of
                  | the Dungeon)
 15193 | Lair:1   | Entered Level 1 of the Lair of Beasts
 15449 | Lair:1   | Noticed Sonja
 15454 | Lair:1   | Cast into level 1 of the Abyss (Sonja)
 15460 | Abyss:1  | Noticed a deep elf sorcerer
 15465 | Abyss:1  | Killed a deep elf sorcerer
 15500 | Abyss:1  | Noticed a green death
 15506 | Abyss:1  | Killed a green death
 15521 | Abyss:1  | Reached skill level 15 in Fighting
 15607 | Abyss:1  | Found a corrupted altar of Lugonu.
 15713 | Abyss:1  | Noticed a tentacled starspawn
 15717 | Abyss:1  | Killed a tentacled starspawn
 15826 | Abyss:1  | Paralysed by an orc sorcerer for 6 turns
 15839 | Lair:1   | Escaped the Abyss
 16116 | Lair:1   | You fall into a shaft and drop 1 floor!
 16223 | Lair:2   | Reached XP level 14. HP: 130/135 MP: 13/13
 16235 | Lair:2   | Found a staircase to the Shoals.
 17980 | Lair:3   | Received a gift from Trog
 18473 | Lair:4   | Noticed Josephine
 18479 | Lair:4   | Killed Josephine
 18875 | Lair:4   | Found a staircase to the Snake Pit.
 19643 | Lair:5   | Noticed Rupert
 19649 | Lair:5   | Paralysed by Rupert for 5 turns
 19654 | Lair:5   | Killed Rupert
 20134 | Lair:5   | Found a staircase to the Slime Pits.
 20934 | Lair:6   | Entered Level 6 of the Lair of Beasts
 21215 | Lair:6   | Received a gift from Trog
 21215 | Lair:6   | Reached XP level 15. HP: 145/145 MP: 14/14
 22860 | Lair:6   | Received a gift from Trog
 23583 | Lair:1   | Noticed Harold
 23593 | Lair:1   | Killed Harold
 23610 | Lair:1   | Killed Sonja
 23971 | Orc:1    | Entered Level 1 of the Orcish Mines
 24185 | Orc:2    | Entered Level 2 of the Orcish Mines
 24195 | Orc:2    | Found Ropuont's Antique Armour Shop.
 24202 | Orc:2    | Bought a pair of dazzling gloves for 342 gold pieces
 24202 | Orc:2    | Bought a crude plate armour for 1008 gold pieces
 24212 | Orc:2    | Noticed Donald
 24229 | Orc:2    | Killed Donald
 24473 | Orc:1    | Identified the +1 pair of gloves "Yheedede" {MR+ Int+2}
                  | (You bought it in a shop on level 2 of the Orcish Mines)
 24484 | Orc:1    | Identified the +9 plate armour "Wiral" {Int+2} (You bought
                  | it in a shop on level 2 of the Orcish Mines)
 24681 | Orc:2    | Found a staircase to the Elven Halls.
 24989 | Orc:2    | Found Qotzuvup's Magic Scroll Emporium.
 24989 | Orc:2    | Found Zakhlaroi's Antique Armour Boutique.
 24991 | Orc:2    | Found Upixiof's Jewellery Emporium.
 24991 | Orc:2    | Found Tiolef's Magic Scroll Boutique.
 24996 | Orc:2    | Bought a scroll of identify for 26 gold pieces
 24996 | Orc:2    | Bought a scroll of fear for 45 gold pieces
 24996 | Orc:2    | Bought a scroll of teleportation for 39 gold pieces
 24996 | Orc:2    | Bought a scroll of identify for 26 gold pieces
 24999 | Orc:2    | Bought a scroll of vulnerability for 120 gold pieces
 24999 | Orc:2    | Bought a scroll of random uselessness for 16 gold pieces
 24999 | Orc:2    | Bought a scroll of fear for 56 gold pieces
 25477 | Orc:1    | Found Opreheuh's General Store.
 25806 | Orc:1    | Noticed an orc warlord
 25820 | Orc:1    | Killed an orc warlord
 26567 | Snake:1  | Entered Level 1 of the Snake Pit
 27304 | Snake:1  | Reached skill level 15 in Armour
 27491 | Snake:1  | Reached XP level 16. HP: 148/157 MP: 15/15
 27854 | Snake:1  | Received a gift from Trog
 28271 | Snake:2  | Noticed Frances
 28288 | Snake:2  | Killed Frances
 28570 | Snake:2  | Noticed Saint Roka
 28591 | Snake:2  | Killed Saint Roka
 29214 | Snake:2  | Found a runed translucent door.
 29214 | Snake:2  | Found a shimmering altar of Xom.
 29214 | Snake:2  | Noticed dickylongcocking's ghost (adept DsNe)
 29216 | Snake:2  | Noticed Vashnia
 29238 | Snake:2  | Killed Vashnia
 29444 | Snake:2  | Killed dickylongcocking's ghost
 29449 | Snake:2  | Got an ancient pewter ring
 29455 | Snake:2  | Identified the ring of Sougy {Str+6 Dex+3} (You found it on
                  | level 2 of the Snake Pit)
 29684 | Snake:3  | Received a gift from Trog
 29722 | Snake:3  | Identified a scroll of acquirement
 29734 | Snake:2  | Acquired the ring of Lomasov {rElec rF+ Str+6 Dex+3}
 30938 | Snake:3  | Reached XP level 17. HP: 165/166 MP: 16/16
 31448 | Snake:4  | Entered Level 4 of the Snake Pit
 31448 | Snake:4  | Noticed Aizul
 31462 | Snake:4  | Killed Aizul
 31624 | Snake:4  | Found Qokojuc's Distillery.
 31629 | Snake:4  | Bought a potion of heal wounds for 65 gold pieces
 31629 | Snake:4  | Bought a potion of cancellation for 104 gold pieces
 31629 | Snake:4  | Bought a potion of curing for 39 gold pieces
 31629 | Snake:4  | Bought a potion of curing for 39 gold pieces
 31629 | Snake:4  | Bought a potion of curing for 39 gold pieces
 31826 | Snake:4  | Received a gift from Trog
 33220 | Snake:4  | Received a gift from Trog
 34161 | Snake:4  | Got a serpentine rune of Zot
 34479 | Shoals:1 | Entered Level 1 of the Shoals
 34661 | Shoals:1 | Noticed Jorgrun
 34671 | Shoals:1 | Killed Jorgrun
 34792 | Shoals:1 | Received a gift from Trog
 35231 | Shoals:1 | Reached XP level 18. HP: 102/178 MP: 17/17
 35684 | Shoals:1 | Found a transporter.
 35696 | Shoals:1 | Found a transporter.
 36048 | Shoals:1 | Identified a +2 pair of boots of running (You found it on
                  | level 1 of the Shoals)
 36150 | Shoals:2 | Noticed Kirke
 36553 | Shoals:2 | Killed Kirke
 36651 | Shoals:2 | Noticed Ilsuiw
 36670 | Shoals:2 | Received a gift from Trog
 36683 | Shoals:2 | Reached skill level 1 in Unarmed Combat
 36685 | Shoals:2 | Got a glimmering executioner's axe {god gift}
 36685 | Shoals:2 | Identified the +3 executioner's axe of the Lamprey
                  | {antimagic, *Contam Str+6} (Trog gifted it to you on level
                  | 2 of the Shoals)
 36719 | Shoals:2 | Killed Ilsuiw
 37390 | Shoals:3 | Noticed Polyphemus
 37423 | Shoals:3 | Killed Polyphemus
 38734 | Shoals:4 | Entered Level 4 of the Shoals
 39074 | Shoals:4 | Noticed Roxanne
 39085 | Shoals:4 | Killed Roxanne
 39328 | Shoals:4 | Noticed Bai Suzhen
 39339 | Shoals:4 | Killed Bai Suzhen
 39836 | Shoals:4 | Reached skill level 15 in Dodging
 40124 | Shoals:4 | Got a barnacled rune of Zot
 40171 | Shoals:4 | Received a gift from Trog
 41057 | Elf:1    | Entered Level 1 of the Elven Halls
 41083 | Elf:1    | Reached XP level 19. HP: 188/189 MP: 18/18
 41541 | Elf:1    | Found Measig's Jewellery Shop.
 41544 | Elf:1    | Bought the amulet "Ixoota" {Reflect *Slow rPois rC- Str+9
                  | SH+5} for 617 gold pieces
 41575 | Elf:1    | Received a gift from Trog
 41610 | Elf:1    | Cast into level 2 of the Abyss (+0 glaive of distortion)
 41886 | Elf:1    | Escaped the Abyss
 42068 | Elf:1    | Found Xuonoe's Antique Weapon Shoppe.
 42134 | Elf:1    | Found Gaeffoaf's Assorted Antiques.
 42139 | Elf:1    | Bought a scroll of identify for 64 gold pieces
 42139 | Elf:1    | Bought a short lead wand for 128 gold pieces
 42139 | Elf:1    | Bought a potion of invisibility for 256 gold pieces
 42139 | Elf:1    | Bought a potion of heal wounds for 160 gold pieces
 42139 | Elf:1    | Bought a scroll of identify for 64 gold pieces
 42391 | Elf:1    | Found Ruatzinn's Antique Weapon Boutique.
 42477 | Elf:1    | Received a gift from Trog
 42702 | Elf:1    | Cast into level 2 of the Abyss (a deep elf demonologist)
 43572 | Abyss:2  | Gained mutation: You tend to lose your temper in combat. [a
                  | neqoxec]
 43602 | Abyss:2  | Received a gift from Trog
 44058 | Abyss:2  | Noticed a bone dragon
 44067 | Abyss:2  | Killed a bone dragon
 44112 | Abyss:2  | Noticed an ancient lich
 44118 | Abyss:2  | Killed an ancient lich
 44118 | Abyss:2  | Reached XP level 20. HP: 51/200 MP: 19/19
 44253 | Abyss:2  | Received a gift from Trog
 44346 | Elf:1    | Escaped the Abyss
 44567 | Elf:2    | Found a radiant altar of Vehumet.
 44874 | Elf:2    | Found a runed translucent door.
 44897 | Elf:2    | Found a runed translucent door.
 44948 | Elf:2    | Cast into level 3 of the Abyss (a deep elf demonologist)
 45099 | Abyss:3  | Got an abyssal rune of Zot
 45138 | Abyss:3  | Received a gift from Trog
 45272 | Elf:2    | Escaped the Abyss
 46626 | Elf:3    | Entered Level 3 of the Elven Halls
 46636 | Elf:3    | Found Zozerey's Jewellery Shop.
 46659 | Elf:3    | Lost mutation: You tend to lose your temper in combat.
                  | [potion of mutation]
 46659 | Elf:3    | Gained mutation: Your magical capacity is low. (-10% MP)
                  | [potion of mutation]
 46659 | Elf:3    | Gained mutation: Your movements are slightly less
                  | encumbered by armour. (ER -2) [potion of mutation]
 46659 | Elf:3    | Gained mutation: You can translocate small distances at
                  | will. [potion of mutation]
 46660 | Elf:3    | Lost mutation: Your magical capacity is low. (-10% MP)
                  | [potion of mutation]
 46660 | Elf:3    | Gained mutation: You are somewhat resistant to further
                  | mutation. [potion of mutation]
 46824 | Elf:3    | Received a gift from Trog
 47689 | Elf:3    | Received a gift from Trog
 47691 | Elf:3    | Reached XP level 21. HP: 204/211 MP: 20/20
 47769 | Elf:3    | Identified the +4 dagger of Floods {holy, rPois Dex+3}
 47958 | Elf:3    | Identified the cursed +1 great sword "Woulauxt" {drain,
                  | MP+9 Int+2 Dex+2}
 47979 | Elf:3    | Got a steaming amber ring
 47981 | Elf:3    | Identified the ring of Toofahaf {Ice rN+ MR+ Str-5} (You
                  | found it on level 3 of the Elven Halls)
 47987 | Elf:3    | Got a smoking brass ring
 47989 | Elf:3    | Identified the ring "Efibiabe" {rPois MP+9 Dex+6} (You
                  | found it on level 3 of the Elven Halls)
 48051 | Elf:3    | Identified the +6 hand axe of Ogympi {venom, Str+3} (You
                  | found it on level 3 of the Elven Halls)
 48110 | Elf:3    | Identified the amulet of Hipiron {Regen+ Stlth+} (You found
                  | it on level 3 of the Elven Halls)
 48356 | Vaults:1 | Entered Level 1 of the Vaults
 48376 | Vaults:1 | Found Ynalyissorph's Armour Shoppe.
 49113 | Vaults:1 | Found the +9 heavy crossbow "Sniper" {vorpal, Acc+∞ SInv}
 49148 | Vaults:1 | Received a gift from Trog
 49814 | Vaults:1 | Found Ejoaj's Book Shoppe.
 50144 | Vaults:2 | Found an iron altar of Okawaru.
 50179 | Vaults:2 | Received a gift from Trog
 50999 | Vaults:2 | Received a gift from Trog
 51243 | Vaults:2 | Cast into level 2 of the Abyss (a deep elf sorcerer)
 51338 | Abyss:2  | Got an ancient hand axe
 51350 | Abyss:2  | Reached XP level 22. HP: 162/224 MP: 21/21
 51371 | Abyss:2  | Identified the cursed +0 hand axe "Dogeock" {protect, rC+
                  | Str+9 Int+2 Dex-4} (You found it on level 2 of the Abyss)
 51450 | Vaults:2 | Escaped the Abyss
 52121 | Vaults:3 | Found a flickering gateway to a bazaar.
 52127 | Bazaar   | Entered a bazaar
 52127 | Bazaar   | Found Deqohid's Distillery.
 52127 | Bazaar   | Found Qixkubb's Armour Shop.
 52127 | Bazaar   | Found Noec's Weapon Shoppe.
 52135 | Bazaar   | Found Pusiyci's Antique Weapon Shoppe.
 52135 | Bazaar   | Found Suzoppysch's Assorted Antiques.
 52163 | Bazaar   | Bought a potion of curing for 57 gold pieces
 52163 | Bazaar   | Bought a potion of curing for 57 gold pieces
 52163 | Bazaar   | Bought a potion of curing for 57 gold pieces
 52166 | Bazaar   | Bought the cursed +0 pair of gloves of the Stars {rF+++ MR-
                  | Str+9} for 873 gold pieces
 52258 | Vaults:3 | Received a gift from Trog
 52592 | Vaults:3 | Found a staircase to the Crypt.
 52889 | Vaults:3 | Noticed Xtahua
 52897 | Vaults:3 | Killed Xtahua
 53733 | Vaults:4 | Found a flickering gateway to a bazaar.
 53751 | Bazaar   | Entered a bazaar
 53755 | Bazaar   | Found Uso Esho's Antique Weapon Shop.
 53768 | Bazaar   | Found Veis's Magic Scroll Shop.
 53783 | Bazaar   | Found Feuxet's Distillery.
 53812 | Bazaar   | Found Amouh's Weapon Shop.
 53860 | Bazaar   | Bought a potion of haste for 140 gold pieces
 53860 | Bazaar   | Bought a potion of might for 56 gold pieces
 53860 | Bazaar   | Bought a potion of haste for 140 gold pieces
 53860 | Bazaar   | Bought a potion of haste for 140 gold pieces
 53860 | Bazaar   | Bought a potion of curing for 42 gold pieces
 53860 | Bazaar   | Bought a potion of resistance for 140 gold pieces
 54067 | Vaults:4 | Received a gift from Trog
 54760 | Vaults:5 | Entered Level 5 of the Vaults
 55524 | Vaults:5 | Paralysed by an orc sorcerer for 3 turns
 55531 | Vaults:5 | Cast into level 4 of the Abyss (tengu reaver)
 55531 | Abyss:4  | Found a corrupted altar of Lugonu.
 55617 | Abyss:4  | Received a gift from Trog
 55725 | Abyss:4  | Reached XP level 23. HP: 212/234 MP: 22/22
 55871 | Vaults:5 | Escaped the Abyss
 55872 | Vaults:5 | Noticed an ancient lich
 56086 | Vaults:5 | Killed an ancient lich
 56094 | Vaults:5 | Cast into level 3 of the Abyss (tengu reaver)
 56115 | Vaults:5 | Escaped the Abyss
 56115 | Vaults:5 | HP: 9/236 [frost giant/bolt of cold (96)]
 56493 | Vaults:5 | Cast into level 3 of the Abyss (a deep elf sorcerer)
 56493 | Abyss:3  | Found a corrupted altar of Lugonu.
 56583 | Vaults:5 | Escaped the Abyss
 56586 | Vaults:5 | Received a gift from Trog
 56638 | Vaults:5 | Cast into level 2 of the Abyss (a deep elf demonologist)
 56731 | Vaults:5 | Escaped the Abyss
 58272 | Vaults:5 | Reached skill level 27 in Axes
 58296 | Vaults:5 | Reached skill level 27 in Fighting
 58296 | Vaults:5 | Reached XP level 24. HP: 201/249 MP: 22/22
 58297 | Vaults:5 | Received a gift from Trog
 58900 | Vaults:5 | Got a silver rune of Zot
 59018 | Vaults:5 | Found Oxoturruich's Weapon Emporium.
 59030 | Vaults:5 | Identified the amulet "Dunnaj Cut" {Spirit Dex+4} (You
                  | found it on level 5 of the Vaults)
 59300 | Vaults:5 | Identified the amulet "Maar" {RegenMP rPois Str+2 Stlth+}
 59721 | D:15     | Entered Level 15 of the Dungeon
 59785 | D:15     | Found a staircase to the Depths.
 59835 | D:15     | Received a gift from Trog
 59880 | D:15     | Found a burning altar of Makhleb.
 60084 | D:15     | Found a sparkling altar of Nemelex Xobeh.
 60236 | D:15     | Found Higaif's Jewellery Emporium.
 60732 | Depths:1 | Entered Level 1 of the Depths
 61084 | Depths:1 | Found a gateway to a ziggurat.
 61253 | Depths:1 | Found Xecaeg's Antique Armour Boutique.
 61253 | Depths:1 | Found Foipeteo's Gadget Shop.
 61269 | Depths:1 | Bought a pair of faintly humming boots for 237 gold pieces
 61279 | Depths:1 | Identified the cursed +0 pair of boots of the Elven Halls
                  | {-Cast Regen+ Dex+8} (You bought it in a shop on level 1 of
                  | the Depths)
 61301 | Depths:1 | Received a gift from Trog
 61468 | Depths:1 | Found a shimmering blue altar of Sif Muna.
 61472 | Depths:1 | Found a snail-covered altar of Cheibriados.
 61472 | Depths:1 | Found a hide-covered altar of Uskayaw.
 61474 | Depths:1 | Found a sacrificial altar of Ru.
 61474 | Depths:1 | Found a shimmering altar of Xom.
 61474 | Depths:1 | Found a shimmering altar of Xom.
 61545 | Depths:1 | Found a gateway to Hell.
 61729 | Zig:1    | Entered Level 1 of a ziggurat
 61746 | Zig:2    | Entered Level 2 of a ziggurat
 61766 | Zig:3    | Entered Level 3 of a ziggurat
 61830 | Zig:4    | Entered Level 4 of a ziggurat
 61832 | Zig:4    | Noticed Tiefuj the pandemonium lord
 61842 | Zig:4    | Killed Tiefuj the pandemonium lord
 61883 | Zig:5    | Entered Level 5 of a ziggurat
 61917 | Zig:6    | Entered Level 6 of a ziggurat
 61930 | Zig:6    | Paralysed by a sphinx for 4 turns
 61953 | Zig:6    | Identified the Collected Works on Shifting Ignition
 61956 | Zig:6    | Reached XP level 25. HP: 176/257 MP: 22/22
 61957 | Zig:6    | Reached skill level 5 in Stealth
 61957 | Zig:6    | Reached XP level 26. HP: 183/266 MP: 22/22
 62046 | Zig:7    | Entered Level 7 of a ziggurat
 62103 | Zig:8    | Entered Level 8 of a ziggurat
 62330 | Zig:9    | Entered Level 9 of a ziggurat
 62334 | Zig:9    | Noticed Zegufong the pandemonium lord
 62349 | Zig:9    | Killed from afar by a torturous blood saint

Illustrated notes

Levels and vault maps discovered:
D:1:      lemuel_arrival_broad_hall, layout_basic, minmay_heptomino_o4
D:2:      layout_loops_ring, uniq_crazy_yiuf_cottage
D:3:      layout_basic
D:4:      layout_loops_ring
D:5:      layout_basic, kennysheep_cross_bottleneck, uniq_ijyb
D:6:      nicolae_whirlpool, layout_basic, minmay_temple_entry_arrows,
          ebering_ghost_xom, uniq_prince_ribbit1, uniq_eustachio,
          uniq_blork_the_orc
D:7:      layout_basic, serial_shops, shop, minmay_misc_feat_enclosed,
          uniq_joseph, uniq_maggie
D:8:      layout_basic, serial_shops, shop, introduction_to_nature_2
D:9:      layout_stronghold, cheibrodos_ashenzari_chains
D:10:     layout_rooms, basic_altar, st_stairs_8, minmay_tree_intersection
D:11:     layout_stronghold, david_lair_generic, uniq_urug
D:12:     layout_basic, hiddenorc1_lemuel
D:13:     layout_small_grid, ximxim_vaults_locker_room, corner_web_ring,
          minmay_misc_feat_square, serial_bayou_crossing, uniq_maurice
D:14:     layout_rooms, portal_ice_cave_rime, gammafunk_ghost_necromancy,
          uniq_azrael
D:15:     grunt_enter_depths_magical_seal, layout_grid_maze, serial_shops, shop,
          lemuel_crystal_altar, basic_altar
Lair:1:   layout_long_grid, grunt_megastairs_2, uniq_harold, uniq_sonja
Lair:2:   wad_woods_tower, layout_loops_ring, elwin_shoals_entry_stream,
          serial_bayou_shore_a, lemuel_fruit_fields, lemuel_fruit_tree,
          infiniplex_staircase_pool_2
Lair:3:   layout_gridlike
Lair:4:   layout_regular_city, guppyfry_snake_entry_island, grunt_megastairs_3,
          uniq_josephine
Lair:5:   layout_small_grid, minmay_slime_entry_oklob_open, uniq_rupert
Lair:6:   minmay_lair_end_enchanted_forest, layout_cave_pods, grunt_megastairs_4
Shoals:1: gammafunk_sealed_arena, layout_shoals, uniq_jorgrun
Shoals:2: nicolae_shoals_island_circles, layout_shoals, uniq_ilsuiw, uniq_kirke
Shoals:3: cheibrodos_shoals_satyrical_garden, layout_shoals, uniq_polyphemus
Shoals:4: shoals_end_hangedman, layout_shoals, ldierk_geyser, uniq_bai_suzhen,
          uniq_roxanne
Snake:1:  layout_grid_maze
Snake:2:  layout_rooms, ebering_ghost_xom, uniq_vashnia, uniq_saint_roka,
          uniq_frances
Snake:3:  layout_honeycomb, serial_bayou_shore_b
Snake:4:  minmay_snake_end_coiled, layout_gridlike, serial_shops,
          nicolae_shop_waterfront, st_stairs_5, uniq_aizul
Orc:1:    cheibrodos_orc_bank, layout_diamond_mine, serial_shops, shop
Orc:2:    grunt_orc_tribal_feast, layout_caves, serial_shops, shop, uniq_donald
Elf:1:    eino_elf_arrival_the_gate, layout_geoelf_grid, serial_shops, shop,
          nicolae_shop_window_shopping, nicolae_shop_trees, shop, minivault_28,
          hangedman_elf_represent
Elf:2:    layout_geoelf_grid, basic_altar
Elf:3:    minmay_elf_hall_not_hex, layout_geoelf_diagonals, serial_shops,
          nicolae_shop_behind_doors
Vaults:1: minmay_guarded_unrand_secular_launcher,
          nicolae_vaults_little_squares_1, vaults_room_mumra_shop_pool,
          hangedman_vaults_stagger, v_misc_1, hangedman_vaults_locks,
          nicolae_vaults_angled_halls, nicolae_vaults_specimen_jars,
          nicolae_vaults_mini_display_case, vaults_dpeg_encased_lava,
          ontoclasm_vaults_shuriken, dpeg_vaults_monster_box,
          vaults_room_stairs_pillars, vaults_room_semicircle,
          layout_vaults_ring, serial_shops, nicolae_shop_crystal
Vaults:2: vaults_room_stairs_pillars, v_alt_pattern_4,
          nicolae_vaults_shelves_hall, v_pattern_4, vaults_dpeg_ring,
          vaults_standard_mumra_x, ontoclasm_vaults_fault,
          grunt_vaults_hallway_long, ontoclasm_vaults_chip,
          layout_vaults_omnigrid, basic_altar
Vaults:3: hangedman_vaults_snaps, hangedman_vaults_cutoff,
          nicolae_vaults_shelves_hall, grunt_vaults_hallway_long,
          vaults_room_grid, hangedman_vaults_stretched_pinwheel,
          nicolae_vaults_theta, hangedman_vaults_maws,
          layout_vaults_chaotic_city, dummy_crypt_entry, serial_shops,
          bzr_entry_safe, uniq_xtahua
Vaults:4: nicolae_vaults_little_squares_3, v_pattern_5, ontoclasm_vaults_pinch,
          v_misc_1, ontoclasm_vaults_spin, nicolae_vaults_stairing_the_circle,
          ontoclasm_vaults_idyll, v_misc_8, vaults_room_door_ring,
          vaults_mumra_chevron_long, v_misc_25, v_misc_14,
          layout_vaults_omnibox, serial_shops, bzr_entry_gold
Vaults:5
Depths:1: layout_cave_shapes, enter_ziggurat_e, roderic_lattice_octagonal_star,
          lightli_too_deep, doesnt_xom_only_xom, serial_bayou_shore_b,
          serial_bayou_shore_b, minmay_shoptagon
Depths:2: radiant_caverns_b_rkd, serial_shops, hell_entry, abyss_entry,
          pan_entry
Zig:9

Skill      XL: |  1  2  3  4  5  6  7  8  9 10 11 12 13 14 15 16 17 18 19 20 21 22 23 24 25 26 |
---------------+-------------------------------------------------------------------------------+-----
Fighting       | 4 5 6 7 8 10 11 13 15 16 17 18 20 21 22 23 24 25 27 | 27.0
Axes           | 4 5 6 7 9 10 12 13 15 16 18 19 20 21 22 23 24 25 26 27 | 27.0
Dodging        | 3 4 6 7 8 9 10 11 12 13 14 15 16 17 18 19 | 19.7
Armour         | 3 4 5 7 9 10 11 12 13 14 15 16 17 18 19 20 21 23 24 | 24.1
Stealth        | 1 2 3 4 5 |  5.0
Unarmed Combat | 1 |  1.0
Evocations     | 2 3 |  3.0

Action                   |  1- 3 |  4- 6 |  7- 9 | 10-12 | 13-15 | 16-18 | 19-21 | 22-24 | 25-27 || total
-------------------------+-------+-------+-------+-------+-------+-------+-------+-------+-------++-------
Melee: Hand axe          |    60 |    77 |       |    98 |    40 |       |       |       |       ||   275
       Headbutt          |    12 |    18 |    26 |   117 |   187 |   215 |   307 |   243 |    16 ||  1141
       War axe           |       |    60 |   180 |    58 |       |       |       |       |       ||   298
       Broad axe         |       |       |       |   277 |       |       |       |       |       ||   277
       Unarmed           |       |       |       |     4 |       |     9 |       |       |       ||    13
       Battleaxe         |       |       |       |   119 |   150 |       |       |       |       ||   269
       Punch             |       |       |       |     1 |       |       |       |       |       ||     1
       Executioner's axe |       |       |       |       |   689 |   938 |  1082 |   757 |    46 ||  3512
Invok: Berserk           |     1 |     3 |     5 |     7 |    10 |    10 |     4 |     4 |     1 ||    45
       Trog's Hand       |       |     1 |     1 |     1 |     3 |     2 |    12 |     2 |       ||    22
       Brothers in Arms  |       |       |     1 |     3 |     3 |     6 |     7 |     2 |       ||    22
Evoke: Wand              |       |       |       |     1 |       |       |       |       |       ||     1
       Condenser vane    |       |       |       |       |     1 |       |     2 |       |       ||     3
  Use: Scroll            |       |     9 |     7 |     8 |     5 |     6 |     6 |    21 |       ||    62
       Potion            |       |       |     2 |       |       |     7 |     7 |     5 |     1 ||    22
 Stab: Petrified         |       |       |       |       |       |     8 |       |       |       ||     8
       Invisible         |       |       |       |       |       |     2 |       |       |       ||     2
       Distracted        |       |       |       |       |       |       |     3 |     1 |       ||     4
       Confused          |       |       |       |       |       |       |     1 |       |       ||     1
Armor: Animal skin       |    16 |     1 |       |       |       |       |       |       |       ||    17
       Scale mail        |       |    53 |   101 |   254 |   353 |       |       |       |       ||   761
       Skin              |       |       |       |     1 |       |       |       |       |       ||     1
       Plate armour      |       |       |       |       |    63 |   670 |   453 |   239 |       ||  1425
       Gold dragon scale |       |       |       |       |       |       |       |    72 |    27 ||    99
Dodge: Dodged            |    53 |    88 |   126 |   268 |   607 |   687 |   607 |   585 |    66 ||  3087
Block: Other             |       |    24 |    45 |   100 |   232 |   236 |   172 |   123 |    12 ||   944
       Reflection        |       |     1 |    11 |     4 |     5 |    29 |    14 |    10 |     1 ||    75

Table legend: (Time is in decaauts)
 A = Elapsed time spent in this place.
 B = Non-inter-level travel time spent in this place.
 C = Inter-level travel time spent in this place.
 D = Time resting spent in this place.
 E = Time spent auto-exploring this place.
 F = Levels seen in this place.
 G = Mean time per level.
                   A        B        C        D        E       F      G
               +--------+--------+--------+--------+--------+-----+--------+
         Total |  61620 |  58630 |   2990 |   6062 |  41812 |  61 | 1010.2 |
       Dungeon |  16651 |  15382 |   1269 |    416 |  12303 |  15 | 1110.1 |
          Lair |   8588 |   8192 |    396 |    502 |   6501 |   6 | 1431.3 |
        Shoals |   6600 |   6364 |    236 |   1069 |   4372 |   4 | 1650.0 |
     Snake Pit |   7897 |   7678 |    219 |   1204 |   5360 |   4 | 1974.2 |
  Orcish Mines |   2531 |   2274 |    257 |    225 |   1710 |   2 | 1265.5 |
   Elven Halls |   4681 |   4554 |    127 |    695 |   3024 |   3 | 1560.3 |
        Vaults |   9737 |   9287 |    450 |   1558 |   6211 |   5 | 1947.4 |
        Depths |    940 |    908 |     32 |      0 |    717 |   2 |  470.0 |
         Abyss |   3231 |   3231 |      0 |    114 |   1467 |   9 |  359.0 |
      Ziggurat |    595 |    595 |      0 |    277 |     45 |   9 |   66.1 |
        Bazaar |    163 |    163 |      0 |      0 |     99 |   2 |   81.5 |
               +--------+--------+--------+--------+--------+-----+--------+

Top non-repeatable levels by time:
Vaults:5: 2752 daAuts
 Snake:4: 2482 daAuts
Vaults:4: 2391 daAuts
 Snake:1: 2353 daAuts
  Lair:6: 2270 daAuts
 Snake:3: 2177 daAuts
Shoals:1: 2154 daAuts
 Abyss:2: 2144 daAuts
Shoals:4: 2077 daAuts
   Elf:2: 2059 daAuts
    D:11: 1836 daAuts
Vaults:2: 1794 daAuts
   Orc:1: 1632 daAuts
    D:13: 1551 daAuts
Vaults:1: 1496 daAuts
